 Dungeon Crawl Stone Soup version 0.28.0-43-g3370ac3207 (webtiles) character file.

Game seed: 13279251457284839931

2884 Peloso the Carver (level 9, -4/79 HPs)
             Began as a Minotaur Fighter on Mar 27, 2022.
             Slain by an orc warrior
             ... wielding a +0 broad axe
              (24 damage)
             ... in a bailey.
             The game lasted 00:11:24 (5078 turns).

Peloso the Carver (Minotaur Fighter)                Turns: 5078, Time: 00:11:25

Health: -4/79      AC: 19    Str: 23    XL:     9   Next: 48%
Magic:  8/8        EV:  9    Int:  5    God:
Gold:   359        SH:  5    Dex: 12    Spells: 8/8 levels left

rFire   . . .      SeeInvis .   a - +0 long sword (protect)
rCold   . . .      Faith    .   c - +0 buckler
rNeg    . . .      Spirit   .   k - +1 chain mail
rPois   .          Reflect  .   (helmet restricted)
rElec   .          Harm     .   (no cloak)
rCorr   .          Rampage  .   (no gloves)
Will    .....                   (no boots)
Stlth   ..........              i - amulet of regeneration
HPRegen 1.03/turn               (no ring)
MPRegen 0.11/turn               (no ring)

@: under a protective aura
A: horns 2, retaliatory headbutt
a: no special abilities


You were in a bailey.
You visited 1 branch of the dungeon, and saw 7 of its levels.
You also visited: Bailey.

You collected 359 gold pieces.

Inventory:

Hand Weapons
 a - a +0 long sword of protection (weapon)
Armour
 b - a +0 scale mail
 c - a +0 buckler (worn)
 k - a +1 chain mail (worn)
Jewellery
 i - an amulet of regeneration (around neck)
 r - an amulet of magic regeneration
Wands
 j - a wand of polymorph (4)
 n - a wand of charming (5)
 o - a wand of flame (21)
Scrolls
 e - a scroll of identify
 f - a scroll of blinking
 h - a scroll of teleportation
 l - a scroll of fear
Potions
 d - a potion of attraction {unknown}
 g - a potion of mutation
 m - a potion of lignification {unknown}
 q - a potion of brilliance {unknown}


   Skills:
 + Level 7.2 Fighting
 + Level 10.1 Long Blades
 + Level 8.3 Armour
 + Level 3.6 Dodging
 + Level 1.0 Stealth
 + Level 6.9 Shields
 + Level 0.5 Unarmed Combat


You had 8 spell levels left.
You didn't know any spells.
Your spell library contained the following spells:

 Spells                   Type           Power      Damage    Failure   Level
 Ignite Poison            Fire/Tmut/Pois 0%         N/A       100%        3
 Inner Flame              Hex/Fire       0%         N/A       100%        3
 Mephitic Cloud           Conj/Pois/Air  0%         N/A       100%        3
 Cause Fear               Hex            0%         N/A       100%        4
 Freezing Cloud           Conj/Ice/Air   0%         6-21      100%        5
 Discord                  Hex            0%         N/A       100%        8


Dungeon Overview and Level Annotations

Branches:
Dungeon (7/15)             Bailey (1/1)
 Temple: D:4-7

Altars:
Elyvilon
Nemelex Xobeh
Uskayaw

Shops:
D:1 (   D:5 [


Innate Abilities, Weirdness & Mutations

You have a pair of horns on your head.
You reflexively headbutt those who attack you in melee.


Message History

The orc struggles to resist.
Aiming: Charm
Press: ? - help, Shift-Dir - straight line, f/p - orc
Aim: an orc, wielding a +0 hand axe and wearing a +0 leather armour (chance to affect: 66%)
The orc struggles to resist.
Aiming: Charm
Press: ? - help, Shift-Dir - straight line, f/p - orc
Aim: an orc, wielding a +0 hand axe and wearing a +0 leather armour (chance to affect: 66%)
The orc is charmed.
The orc knight roars a battlecry!
The orc warrior goes into a battle-frenzy!
You hit the orc knight but do no damage.
Your weapon exudes an aura of protection.
The orc knight hits you with a +0 war axe.
The orc warrior closely misses you.
You hit the orc knight but do no damage.
The orc knight hits you with a +0 war axe!!
The orc knight hits your orc with a +0 war axe!
Your orc dies!
The orc warrior barely misses you. You furiously retaliate!
You headbutt the orc warrior! You hit the orc knight.
You headbutt the orc knight, but do no damage.
The orc knight is lightly wounded.
The orc knight hits you with a +0 war axe!
The orc warrior barely misses you.
You hit the orc knight but do no damage.
The orc knight is lightly wounded.
The orc knight hits you with a +0 war axe!!
The orc warrior hits you with a +0 broad axe!
* * * LOW HITPOINT WARNING * * *
You hit the orc knight but do no damage.
The orc knight is lightly wounded.
You block the orc knight's attack. The orc warrior closely misses you.
You hit the orc knight.
The orc knight is lightly wounded.
The orc knight barely misses you. You furiously retaliate!
You headbutt the orc knight, but do no damage.
The orc warrior hits you with a +0 broad axe!!
You die...

#..⌠..#..#
+.....'..#
+.....'..#
#####'''#####
#...........#
####≈≈≈≈...≈≈≈≈###
≈≈≈≈≈≈≈≈...≈≈≈≈≈≈≈
≈≈≈≈≈≈≈≈.oo≈≈≈≈≈≈≈
≈≈≈≈≈≈≈≈.)@≈≈≈≈≈≈≈
≈≈≈≈≈≈≈≈...≈≈≈≈≈≈≈
≈≈≈≈≈.........≈≈≈≈
#####..))...#####
#.......#
#.......#
#...∩...#
#.......#
###...###


You could see an orc knight and an orc warrior (strong).

Vanquished Creatures
  A cyclops (D:7)
  Prince Ribbit (D:6)
  Sigmund (D:2)
  Eustachio (D:4)
  2 ice beasts
  A black bear (D:6)
  2 orc warriors (Bailey)
  A sky beast (D:7)
  2 centaurs (D:7)
  2 ogres
  A scorpion (D:5)
  A wyvern zombie (D:7)
  A water moccasin skeleton (D:4)
  3 howler monkeys
  5 hounds
  2 jellies
  5 orc priests
  Natasha (D:2)
  7 iguanas
  4 orc wizards
  A killer bee zombie (D:6)
  A hound zombie (D:5)
  A gnoll (Bailey)
  3 adders (D:2)
  2 shadow imps
  A white imp (D:7)
  An adder skeleton (D:4)
  A worm (D:3)
  3 dart slugs
  26 orcs
  6 bats
  4 endoplasms
  3 giant cockroaches
  5 goblins
  12 hobgoblins
  2 kobolds
  A quokka (D:2)
  3 ball pythons (D:1)
  2 frilled lizards
  3 rats (D:1)
125 creatures vanquished.

Vanquished Creatures (others)
  An orc (Bailey)
1 creature vanquished.

Grand Total: 126 creatures vanquished

Notes
Turn   | Place    | Note
-------+----------+-------------------------------------------
     0 | D:1      | Peloso the Minotaur Fighter began the quest for the Orb.
     0 | D:1      | Reached XP level 1. HP: 19/19 MP: 0/0
   350 | D:1      | Reached XP level 2. HP: 19/27 MP: 1/1
   745 | D:1      | Found Unit's Antique Weapon Boutique.
   986 | D:1      | Found a faded altar of an unknown god.
  1130 | D:1      | Reached skill level 3 in Long Blades
  1357 | D:2      | Reached XP level 3. HP: 33/33 MP: 2/2
  1696 | D:2      | Noticed Sigmund
  1813 | D:2      | Killed Sigmund
  1814 | D:2      | Reached skill level 4 in Long Blades
  1814 | D:2      | Reached skill level 5 in Armour
  1814 | D:2      | Reached skill level 1 in Dodging
  1814 | D:2      | Reached XP level 4. HP: 35/41 MP: 3/3
  1814 | D:2      | Reached XP level 5. HP: 40/47 MP: 4/4
  1984 | D:2      | Noticed Natasha
  1987 | D:2      | Killed Natasha
  2303 | D:3      | Found a sparkling altar of Nemelex Xobeh.
  2388 | D:3      | You fall into a shaft and drop 3 floors!
  2401 | D:6      | Reached XP level 6. HP: 50/53 MP: 5/5
  2442 | D:6      | Noticed an ice beast
  2446 | D:5      | Entered Level 5 of the Dungeon
  2457 | D:5      | Killed an ice beast
  2458 | D:5      | Reached skill level 5 in Long Blades
  2536 | D:5      | Reached XP level 7. HP: 60/60 MP: 6/6
  2549 | D:5      | Reached skill level 5 in Shields
  2649 | D:5      | Reached skill level 5 in Fighting
  2683 | D:4      | Noticed Eustachio
  2718 | D:4      | Killed Eustachio
  2719 | D:4      | Reached skill level 6 in Long Blades
  2766 | D:4      | Found a white marble altar of Elyvilon.
  3784 | D:4      | Reached skill level 7 in Long Blades
  3892 | D:5      | Found Zeviz's Antique Armour Shoppe.
  3933 | D:5      | Reached XP level 8. HP: 64/69 MP: 7/7
  4533 | D:6      | Noticed Prince Ribbit
  4543 | D:6      | Killed Prince Ribbit
  4544 | D:6      | Reached skill level 8 in Long Blades
  4544 | D:6      | Reached skill level 1 in Stealth
  4582 | D:7      | Found a hide-covered altar of Uskayaw.
  4682 | D:7      | Reached skill level 9 in Long Blades
  4684 | D:7      | Noticed a cyclops
  4685 | D:7      | Reached XP level 9. HP: 69/78 MP: 8/8
  4698 | D:7      | Killed a cyclops
  4779 | D:7      | Found a flagged portal.
  4801 | Bailey   | Entered a bailey
  4932 | Bailey   | Reached skill level 10 in Long Blades
  5057 | Bailey   | Noticed an orc knight
  5078 | Bailey   | Slain by an orc warrior

Illustrated notes

Levels and vault maps discovered:
D:1:      dpeg_arrival_signposts, layout_basic, serial_shops,
          nicolae_shop_crystal, hellmonk_ecumenical_altar_arch_garden
D:2:      layout_loops_cross, uniq_sigmund, uniq_natasha
D:3:      layout_basic, lemuel_round_altar
D:4:      layout_cave_pools, nicolae_elyvilon_peaceful_grove, uniq_eustachio
D:5:      layout_loops_ring, serial_shops, nicolae_shop_hallway_stairs
D:6:      layout_cave_pools, temple_doors_e, uniq_crazy_yiuf_cottage,
          uniq_pikel, uniq_prince_ribbit1
D:7:      layout_cave_pods, nicolae_uskayaw_murder_on_the_dancefloor,
          enter_bailey_4, grunt_ministairs_12, minmay_fractal_squares_diagonal_5
Bailey:   bailey_axe_of_yendor_kennysheep, bailey

Skill      XL: |  1  2  3  4  5  6  7  8  9 |
---------------+----------------------------+-----
Armour         | 4 5 6 7 8 |  8.3
Fighting       | 4 5 6 7 |  7.2
Long Blades    | 3 4 5 7 9 10 | 10.1
Shields        | 4 5 6 |  6.9
Dodging        | 1 2 3 |  3.6
Stealth        | 1 |  1.0
Unarmed Combat | |  0.5

Action                   |  1- 3 |  4- 6 |  7- 9 || total
-------------------------+-------+-------+-------++-------
Melee: Long sword        |    69 |    80 |   228 ||   377
       Headbutt          |    11 |    15 |    38 ||    64
       Unarmed           |    10 |       |       ||    10
Evoke: Wand              |       |       |     5 ||     5
  Use: Scroll            |       |       |    10 ||    10
       Potion            |       |       |     1 ||     1
Armor: Scale mail        |    57 |    10 |       ||    67
       Skin              |     1 |       |       ||     1
       Chain mail        |       |    38 |   176 ||   214
Dodge: Dodged            |    53 |    33 |   142 ||   228
Block: Buckler           |    22 |    19 |    86 ||   127
